[Event "Titled Tuesday Blitz March 22 Late 2022"]
[White "Bashirli, Nail"]
[Black "Fernandez Siles, Luis"]
[WhiteFideId "13406809"]
[BlackFideId "2209420"]
[WhiteElo "2333"]
[BlackElo "2212"]
[Result "1-0"]
[Round "04"]
[TimeControl "180+1"]
[Date "2022.03.22"]
[WhiteClock "0:00:20"]
[BlackClock "0:00:22"]

1. e4 c5 2. Nc3 Nc6 3. Bb5 Nd4 4. Nf3 g6 5. O-O Bg7 6. Nxd4 cxd4 7. Ne2 Nf6 8. d3 Qb6 9. Bc4 d6 10. h3 O-O 11. Kh1 Qc5 12. Bb3 a5 13. a3 a4 14. Ba2 Qh5 15. Nxd4 Bxh3 16. Qxh5 Nxh5 17. Nb5 Be6 18. Bxe6 fxe6 19. Be3 Bxb2 20. Rab1 Be5 21. Nc7 Rac8 22. Rxb7 Rfd8 23. Nxe6 Re8 24. c4 Kf7 25. Ng5+ Kg8 26. g3 Bf6 27. Kg2 Ng7 28. Nf3 Ne6 29. Rfb1 Nd8 30. Ra7 Nc6 31. Rxa4 Ne5 32. Nxe5 Bxe5 33. Rb7 Ra8 34. Raa7 Rxa7 35. Bxa7 Kf7 36. a4 Bc3 37. Rb3 Ba5 38. Rb5 Bc3 39. a5 Ra8 40. Bb6 Ke6 41. f4 h5 42. Kh3 Be1 43. g4 hxg4+ 44. Kxg4 Kd7 45. Rg5 Kc6 46. Rxg6 Bxa5 47. Bxa5 Rxa5 48. Kf3 Kd7 49. Ke3 Ra1 50. Rg2 Re1+ 51. Kd4 Rh1 52. f5 Rh5 53. Ra2 Ke8 54. Ra7 Rh3 55. Kc3 Rh1 56. Ra6 Kd7 57. Kd4 Rh3 58. Ra7+ Ke8 59. Ra5 Kd7 60. c5 dxc5+ 61. Rxc5 Kd6 62. Rd5+ Kc6 63. Ke5 Rh6 64. d4 Kc7 65. Rc5+ Kd7 66. d5 Ra6 67. Rb5 Ra7 68. Rb6 Kc7 69. Rh6 Kd7 70. f6 exf6+ 71. Rxf6 Ke7 72. Rh6 Ra5 73. Rh7+ Kf8 74. Kf5 Ra1 75. e5 Kg8 76. Rc7 Kf8 77. d6 Ke8 78. Rh7 Rf1+ 79. Ke6 Rg1 80. Rh8+ 1-0


[Site "https://www.chess.com"]

[Event "Titled Tuesday Blitz March 22 Late 2022"]
[White "Bibasa, Bob"]
[Black "Aldokhin, Ivan"]
[WhiteFideId "10000240"]
[BlackFideId "24115720"]
[WhiteElo "2056"]
[BlackElo "2231"]
[Result "0-1"]
[Round "04"]
[TimeControl "180+1"]
[Date "2022.03.22"]
[WhiteClock "0:01:03"]
[BlackClock "0:00:47"]

1. e4 c5 2. Nf3 e6 3. Nc3 a6 4. g3 b5 5. Bg2 Bb7 6. d3 d6 7. O-O Nf6 8. Be3 Nbd7 9. a3 Be7 10. Re1 O-O 11. Nd2 Ne5 12. h3 d5 13. exd5 Nxd5 14. Nxd5 Bxd5 15. f4 Bxg2 16. Kxg2 Qd5+ 17. Kh2 Nd7 18. Qf3 Nb6 19. Qxd5 Nxd5 20. Bf2 Rac8 21. Rad1 Bf6 22. c3 Rfd8 23. Ne4 Be7 24. Rd2 f5 25. Ng5 Bxg5 26. fxg5 Kf7 27. c4 Nb6 28. b4 bxc4 29. Bxc5 Na4 30. d4 Nxc5 31. bxc5 Rxc5 32. Rc1 Rc6 33. Kg2 Rd5 34. Rb1 e5 35. Rb7+ Kg6 36. Re2 c3 37. h4 c2 38. h5+ Kxh5 39. Rxg7 c1=Q 40. Kf3 e4+ 41. Kg2 Rc2 0-1


[Site "https://www.chess.com"]

[Event "Titled Tuesday Blitz March 22 Late 2022"]
[White "Bluebaum, Matthias"]
[Black "Sliwicki, Damian"]
[WhiteFideId "24651516"]
[BlackFideId "1127128"]
[WhiteElo "2550"]
[BlackElo "2067"]
[Result "1-0"]
[Round "04"]
[TimeControl "180+1"]
[Date "2022.03.22"]
[WhiteClock "0:01:45"]
[BlackClock "0:00:06"]

1. b3 e5 2. Bb2 Nc6 3. e3 Nf6 4. Nf3 Bd6 5. d4 exd4 6. Nxd4 O-O 7. Nc3 Re8 8. Be2 Be5 9. Nf3 d6 10. O-O Bf5 11. Nxe5 Nxe5 12. Rc1 Ne4 13. Nxe4 Bxe4 14. Qd4 Qh4 15. f4 Bxg2 16. Kxg2 c5 17. Qc3 Re6 18. Rf3 Rg6+ 19. Rg3 Ng4 20. Bxg4 Rxg4 21. Rg1 1-0


[Site "https://www.chess.com"]

[Event "Titled Tuesday Blitz March 22 Late 2022"]
[White "Bok, Benjamin"]
[Black "Tregubov, Pavel V."]
[WhiteFideId "1017063"]
[BlackFideId "4115341"]
[WhiteElo "2658"]
[BlackElo "2341"]
[Result "1-0"]
[Round "04"]
[TimeControl "180+1"]
[Date "2022.03.22"]
[WhiteClock "0:00:06"]
[BlackClock "0:00:16"]

1. c4 c5 2. Nf3 Nf6 3. Nc3 Nc6 4. g3 d5 5. d4 cxd4 6. Nxd4 dxc4 7. Nxc6 Qxd1+ 8. Nxd1 bxc6 9. Ne3 e6 10. Nxc4 Ba6 11. Bg2 Bb4+ 12. Bd2 Rb8 13. b3 Bxc4 14. bxc4 Bxd2+ 15. Kxd2 Rb2+ 16. Kc3 Rxe2 17. Rhf1 Ke7 18. Bf3 Re5 19. Rab1 Rd8 20. Rb7+ Rd7 21. Rfb1 Ra5 22. Bxc6 Rxb7 23. Rxb7+ Kd6 24. Bh1 Nd7 25. Kb2 g5 26. a3 g4 27. Ka2 Rh5 28. Rxa7 Rxh2 29. Ba8 Rxf2+ 30. Kb3 Rf3+ 31. Kb4 Rxg3 32. Ra6+ Kc7 33. c5 Rg1 34. Ra7+ Kc8 35. c6 Rb1+ 36. Ka5 Nb6 37. Bb7+ Kb8 38. Ra6 Kc7 39. Ra7 Nc4+ 40. Ka4 Nb6+ 41. Ka5 Nc4+ 42. Ka4 Nd6 43. Ka5 Rb5+ 44. Ka4 Rb1 45. Ba8+ Kb6 46. Rd7 Nb5 47. Rb7+ Kxc6 48. Rxb5+ Kc7 49. Rxb1 1-0


[Site "https://www.chess.com"]

[Event "Titled Tuesday Blitz March 22 Late 2022"]
[White "Boruchovsky, Avital"]
[Black "Karttunen, Mika"]
[WhiteFideId "2800055"]
[BlackFideId "502081"]
[WhiteElo "2469"]
[BlackElo "2343"]
[Result "0-1"]
[Round "04"]
[TimeControl "180+1"]
[Date "2022.03.22"]
[WhiteClock "0:00:12"]
[BlackClock "0:00:09"]

1. e4 c5 2. c3 d5 3. exd5 Qxd5 4. d4 Nc6 5. Nf3 Bg4 6. Be2 cxd4 7. cxd4 e6 8. h3 Bh5 9. Nc3 Qa5 10. d5 exd5 11. Nd4 Bxe2 12. Qxe2+ Be7 13. Nxc6 bxc6 14. O-O Kf8 15. Re1 Re8 16. Bf4 Nf6 17. Qc2 h6 18. Rac1 c5 19. Re5 d4 20. Ne4 Nd7 21. Rd5 Nb6 22. Rf5 g6 23. Bd2 Qxa2 24. Rf3 Qd5 25. Nxc5 Kg7 26. b4 Rc8 27. Ra3 Ra8 28. Re1 Rhe8 29. Rd3 Bf6 30. Ra1 Qf5 31. Qb3 Re7 32. Rf3 Qd5 33. Qd3 Bg5 34. Bxg5 hxg5 35. Rg3 Rae8 36. Kh2 Nc4 37. Nb3 Rd8 38. Rd1 Nb2 39. Qxd4+ Qxd4 40. Rxd4 Rxd4 41. Nxd4 Nc4 42. Rxg5 Rb7 43. Nc6 Nd6 44. Ra5 Nc8 45. Ra6 Kf8 46. Kg3 Ne7 47. Nxe7 Kxe7 48. Ra4 Kf6 49. Kf4 g5+ 50. Kg4 Kg6 51. h4 f5+ 52. Kg3 gxh4+ 53. Kxh4 Kf6 54. Kg3 Ke5 55. Kf3 Rg7 56. Ra5+ Kf6 57. g3 Rc7 58. Ra6+ Kg5 59. Ra5 Rc3+ 60. Kg2 Rb3 61. f4+ Kg4 62. Rxa7 Rb2+ 63. Kf1 Kxg3 64. Rb7 Kxf4 65. b5 Kf3 66. Ke1 f4 67. b6 Rb5 68. Kd2 Kf2 69. Kd3 f3 70. Kc4 Rb1 71. Kc5 Kf1 72. Rf7 f2 73. Kc6 Rc1+ 74. Kd7 Rb1 75. Kc7 Rc1+ 76. Kd8 Rb1 77. Kc8 Rxb6 78. Kc7 Rb3 0-1


[Site "https://www.chess.com"]

[Event "Titled Tuesday Blitz March 22 Late 2022"]
[White "Brahami, Lamine"]
[Black "Rangel, Daniel"]
[WhiteFideId "7905637"]
[BlackFideId "2124475"]
[WhiteElo "1909"]
[BlackElo "2225"]
[Result "0-1"]
[Round "04"]
[TimeControl "180+1"]
[Date "2022.03.22"]
[WhiteClock "0:02:00"]
[BlackClock "0:02:12"]

1. d4 Nf6 2. c4 g6 3. Nc3 Bg7 4. e4 O-O 5. Be2 d6 6. Be3 Nc6 7. d5 Ne5 8. h3 c6 9. f4 Ned7 10. Nf3 a6 11. O-O cxd5 12. cxd5 b5 13. b4 Bb7 14. Nd4 Rc8 15. Rc1 Nb6 16. Kh1 Nc4 17. a4 Nxe3 0-1


[Site "https://www.chess.com"]

[Event "Titled Tuesday Blitz March 22 Late 2022"]
[White "Buchenau, Frank"]
[Black "Postnikov, Daniil"]
[WhiteFideId "4604350"]
[BlackFideId "4166329"]
[WhiteElo "2193"]
[BlackElo "2261"]
[Result "1-0"]
[Round "04"]
[TimeControl "180+1"]
[Date "2022.03.22"]
[WhiteClock "0:00:15"]
[BlackClock "0:00:02"]

1. e4 e6 2. d4 d5 3. Nc3 Nf6 4. e5 Nfd7 5. f4 c5 6. Nf3 Nc6 7. Be3 Rb8 8. Qd2 Qa5 9. dxc5 Bxc5 10. Bxc5 Nxc5 11. Nb5 Qxd2+ 12. Kxd2 Ne4+ 13. Ke3 a6 14. Nbd4 Bd7 15. Bd3 Nc5 16. c3 Ke7 17. Bc2 b5 18. Nxc6+ Bxc6 19. Nd4 Bd7 20. b4 Na4 21. Bxa4 bxa4 22. a3 Rhc8 23. Rac1 Rc4 24. g4 Rbc8 25. Kd2 f6 26. Rhe1 Kf7 27. Re3 h5 28. exf6 gxf6 29. g5 h4 30. Rce1 Re8 31. gxf6 Kxf6 32. Re5 a5 33. f5 axb4 34. axb4 a3 35. fxe6 Bc8 36. Rxd5 Bxe6 37. Rd6 Rxd4+ 38. cxd4 Kf7 39. d5 Bf5 40. Rxe8 Kxe8 41. Rf6 Bd7 42. Kc3 1-0


[Site "https://www.chess.com"]

[Event "Titled Tuesday Blitz March 22 Late 2022"]
[White "Burke, Paul"]
[Black "Vusatiuk, Vladimir"]
[WhiteFideId "2605767"]
[BlackFideId "14118610"]
[WhiteElo "1915"]
[BlackElo "2157"]
[Result "0-1"]
[Round "04"]
[TimeControl "180+1"]
[Date "2022.03.22"]
[WhiteClock "0:00:24"]
[BlackClock "0:00:08"]

1. e4 Nc6 2. Nf3 f5 3. exf5 d5 4. d4 Bxf5 5. c4 e6 6. Nc3 Nf6 7. Be2 Be7 8. O-O O-O 9. h3 Ne4 10. Be3 Qe8 11. cxd5 Nxc3 12. bxc3 exd5 13. Ne5 Nxe5 14. dxe5 Rd8 15. Bg4 Qg6 16. Bxf5 Qxf5 17. f4 c5 18. Qg4 g6 19. Qxf5 gxf5 20. Rad1 Kf7 21. Kh2 Ke6 22. g4 b5 23. gxf5+ Rxf5 24. Rg1 b4 25. cxb4 d4 26. Bf2 Rxf4 27. Bg3 Re4 28. bxc5 Bxc5 29. Rge1 Rxe1 30. Rxe1 d3 31. Rd1 Bb4 32. Kg2 d2 33. Kf3 Kd5 34. Bf4 Kc4 35. Ke2 Rd4 36. Bg3 Kc3 37. Ke3 Kc2 38. Kxd4 Kxd1 39. Bf4 Ke2 40. Bxd2 Kxd2 41. e6 Kc2 42. Kc4 Be7 43. a4 h5 44. Kb5 Kb3 45. a5 h4 46. a6 Bf6 47. Kc6 Kc4 48. Kb7 Kd5 49. Kxa7 Kxe6 50. Kb7 Bd4 51. a7 Bxa7 52. Kxa7 Kf5 53. Kb6 Kf4 54. Kc5 Kg3 55. Kd4 Kxh3 56. Ke3 Kg2 0-1


[Site "https://www.chess.com"]

[Event "Titled Tuesday Blitz March 22 Late 2022"]
[White "Cappai, Davide"]
[Black "Halkias, Stelios"]
[WhiteFideId "813338"]
[BlackFideId "4201809"]
[WhiteElo "2295"]
[BlackElo "2453"]
[Result "1-0"]
[Round "04"]
[TimeControl "180+1"]
[Date "2022.03.22"]
[WhiteClock "0:00:36"]
[BlackClock "0:00:16"]

1. b3 Nf6 2. Bb2 g6 3. f4 Bg7 4. Nf3 d6 5. e3 O-O 6. g3 Nbd7 7. Bg2 e5 8. fxe5 Ng4 9. O-O Ngxe5 10. Nc3 c6 11. Qe2 d5 12. Rae1 Re8 13. Nxe5 Nxe5 14. Nd1 Qe7 15. Nf2 a5 16. a4 Bd7 17. Bc3 h5 18. Nd3 Bg4 19. Qf2 Nxd3 20. cxd3 d4 21. exd4 Qd7 22. d5 Rxe1 23. Rxe1 cxd5 24. Bxg7 Kxg7 25. Qd4+ Kg8 26. Qxd5 Rd8 27. Qxd7 Rxd7 28. Re8+ Kg7 29. Rb8 Rxd3 30. Rxb7 Rxd2 31. Rb5 Rd1+ 32. Kf2 Rd2+ 33. Kg1 Be6 34. Rxa5 Bxb3 35. Ra7 Ra2 36. a5 Bc4 37. Rc7 Be6 38. Rc5 Kf6 39. Bb7 Ke7 40. a6 Kd6 41. Rc6+ Kd7 42. Rc5 f6 43. Rc3 g5 44. Rc5 Ra3 45. Rc1 g4 46. Bc8+ Kd6 47. Rd1+ Bd5 48. Bb7 Ra5 49. Rxd5+ Rxd5 50. Bxd5 1-0


[Site "https://www.chess.com"]

[Event "Titled Tuesday Blitz March 22 Late 2022"]
[White "Chigaev, Maksim"]
[Black "Boyer, Mahel"]
[WhiteFideId "4108116"]
[BlackFideId "45102422"]
[WhiteElo "2502"]
[BlackElo "2328"]
[Result "0-1"]
[Round "04"]
[TimeControl "180+1"]
[Date "2022.03.22"]
[WhiteClock "0:00:15"]
[BlackClock "0:00:55"]

1. e4 Nc6 2. d4 d5 3. e5 Bf5 4. c3 e6 5. Bd3 Nge7 6. f4 h5 7. Nf3 Bxd3 8. Qxd3 Nf5 9. O-O Qd7 10. b4 Nce7 11. Na3 Ng6 12. Nc2 a5 13. b5 a4 14. Rb1 Be7 15. g3 c5 16. bxc6 Qxc6 17. Ne3 Nxe3 18. Bxe3 O-O 19. Bd2 Rab8 20. Rb5 Rfc8 21. Rfb1 Nf8 22. h3 Nd7 23. g4 hxg4 24. hxg4 Bd8 25. Kf2 Nb6 26. Ng5 Bxg5 27. Rxb6 Bh4+ 28. Kf3 Qe8 29. Rh1 Bd8 30. Qh7+ Kf8 31. Rbb1 Ba5 32. f5 Ke7 33. Qxg7 Bxc3 34. Bg5+ Kd7 35. Rh7 Bxd4 36. Qxf7+ Qxf7 37. Rxf7+ Kc6 38. Rc1+ Kb6 39. Rxc8 Rxc8 40. fxe6 Bxe5 41. e7 Bd6 42. Rf6 Kc5 43. Be3+ d4 44. Bxd4+ Kd5 45. Be3 Bxe7 46. Rb6 Rc3 47. Ke2 Rxe3+ 48. Kxe3 Bc5+ 49. Kd3 Bxb6 50. g5 Bd8 51. g6 Bf6 52. Kc2 Kc4 53. Kb1 Bg7 54. Kc2 b5 55. Kb1 Kd3 56. Kc1 Kc3 57. Kb1 Bh6 58. Ka1 Kc2 59. a3 Kb3 60. Kb1 Bg7 61. Kc1 Kxa3 62. Kc2 Ka2 63. Kd3 b4 64. Ke4 b3 65. Kd5 b2 66. Ke6 b1=Q 67. Kf7 Qb2 0-1


[Site "https://www.chess.com"]

[Event "Titled Tuesday Blitz March 22 Late 2022"]
[White "Cramling Bellon, Anna"]
[Black "Atanejhad, Sahebali"]
[WhiteFideId "32009232"]
[BlackFideId "12506664"]
[WhiteElo "1905"]
[BlackElo "1977"]
[Result "0-1"]
[Round "04"]
[TimeControl "180+1"]
[Date "2022.03.22"]
[WhiteClock "0:00:05"]
[BlackClock "0:00:09"]

1. d4 Nf6 2. c4 e6 3. Nc3 Bb4 4. Qc2 c5 5. dxc5 Na6 6. Nf3 Nxc5 7. Bg5 Nce4 8. Bh4 Qa5 9. Rc1 d5 10. e3 Qxa2 11. cxd5 Bxc3+ 12. bxc3 Qxc2 13. Bb5+ Kf8 14. Rxc2 Nxd5 15. c4 Nb4 16. Rd2 Nxd2 17. Nxd2 a6 18. Ba4 Nd3+ 19. Ke2 Nc5 20. Bc2 Bd7 21. Rd1 Bc6 22. Nf3 f6 23. Bg3 Kf7 24. Bd6 Ne4 25. Bb4 Rhd8 26. Nd4 a5 27. Be1 Nc5 28. f3 g6 29. e4 e5 30. Nxc6 bxc6 31. Rxd8 Rxd8 32. Bxa5 Ra8 33. Bb4 Ra2 34. Kd2 Ne6 35. Bc3 Nd4 36. Bxd4 exd4 37. Kd3 c5 38. g3 Ke7 39. f4 Kd6 40. Bb3 Ra1 41. Kc2 Rh1 42. h4 Rg1 43. Kb2 Rxg3 44. Bc2 Rg4 45. h5 gxh5 46. e5+ fxe5 47. fxe5+ Kxe5 48. Bf5 Rg2+ 49. Kc1 h4 50. Bh3 Rg3 51. Bf1 Kf4 52. Kd2 Kf3 53. Be2+ Kf2 54. Bd3 h3 55. Be4 h2 56. Bd5 Rf3 57. Bxf3 Kxf3 58. Kd3 h1=Q 59. Kc2 Qg2+ 60. Kb3 Qf1 61. Ka4 Qxc4+ 62. Ka5 Qb4+ 63. Ka6 d3 64. Ka7 d2 0-1


[Site "https://www.chess.com"]

[Event "Titled Tuesday Blitz March 22 Late 2022"]
[White "Curtis, John"]
[Black "Luo, Terry"]
[WhiteFideId "3200256"]
[BlackFideId "30931045"]
[WhiteElo "2203"]
[BlackElo "2024"]
[Result "0-1"]
[Round "04"]
[TimeControl "180+1"]
[Date "2022.03.22"]
[WhiteClock "0:00:17"]
[BlackClock "0:01:27"]

1. e4 c5 2. Nf3 d6 3. d4 cxd4 4. Nxd4 Nf6 5. Nc3 Nc6 6. Be2 e5 7. Nb3 Be7 8. O-O Be6 9. f4 exf4 10. Bxf4 O-O 11. Qe1 a5 12. a3 a4 13. Nd2 Qb6+ 14. Kh1 Qxb2 15. Nc4 Qxc2 16. Nb6 Rad8 17. Bd1 Qd3 18. Rf3 Qd4 19. Nbd5 Bxd5 20. exd5 Ne5 21. Bxe5 dxe5 22. Bxa4 Nxd5 23. Nxd5 Qxd5 24. Bb3 Qc6 25. Qf2 Bf6 26. Rf1 e4 27. Rg3 Rd3 28. Rxd3 exd3 29. h3 Qd6 30. Rd1 Rd8 31. Qf3 b6 32. g4 h6 33. Kg2 d2 34. Rf1 Qd3 35. Bd1 Qxf3+ 36. Rxf3 Rc8 37. Kf2 Re8 38. Rb3 Re1 39. Rb1 Bd4+ 40. Kf3 Re3+ 41. Kg2 Rxa3 42. Rb2 Bxb2 43. Kf2 Bc1 44. Ke2 Rxh3 0-1


[Site "https://www.chess.com"]

[Event "Titled Tuesday Blitz March 22 Late 2022"]
[White "Dardha, Daniel"]
[Black "Golubev, Mikhail"]
[WhiteFideId "240990"]
[BlackFideId "14100983"]
[WhiteElo "2482"]
[BlackElo "2374"]
[Result "1-0"]
[Round "04"]
[TimeControl "180+1"]
[Date "2022.03.22"]
[WhiteClock "0:00:02"]
[BlackClock "0:00:04"]

1. d4 Nf6 2. c4 g6 3. Nc3 Bg7 4. e4 d6 5. Nf3 O-O 6. Be2 e5 7. d5 Qe8 8. h3 Nh5 9. g3 f5 10. Qc2 Na6 11. a3 Nc5 12. Be3 fxe4 13. Ng5 Nd3+ 14. Bxd3 exd3 15. Qxd3 Nf4 16. Qf1 Nh5 17. Nge4 Bf5 18. O-O-O Nf6 19. Qd3 Nxe4 20. Nxe4 b5 21. c5 b4 22. axb4 Qa4 23. g4 Qxb4 24. gxf5 gxf5 25. Qc3 Qxe4 26. Rhg1 f4 27. Rg4 Kh8 28. Rdg1 Rf7 29. Bxf4 Qxd5 30. Be3 Qe6 31. h4 Bf6 32. h5 d5 33. Qc2 d4 34. Bd2 Qd5 35. h6 d3 36. Qc3 e4 37. Qb4 Be5 38. Bc3 c6 39. Qb3 1-0


[Site "https://www.chess.com"]

[Event "Titled Tuesday Blitz March 22 Late 2022"]
[White "Debray, Christopher"]
[Black "Coelho, Ramyres Santana"]
[WhiteFideId "630810"]
[BlackFideId "2120690"]
[WhiteElo "2393"]
[BlackElo "1888"]
[Result "1-0"]
[Round "04"]
[TimeControl "180+1"]
[Date "2022.03.22"]
[WhiteClock "0:00:07"]
[BlackClock "0:00:20"]

1. e4 c5 2. c3 d5 3. exd5 Qxd5 4. Nf3 e5 5. d4 cxd4 6. cxd4 e4 7. Nc3 Bb4 8. Ne5 Be6 9. Bc4 Qd6 10. O-O Bxc3 11. bxc3 Nf6 12. Rb1 O-O 13. Rxb7 Bxc4 14. Nxc4 Qd5 15. Qb3 Nc6 16. Bf4 a5 17. Ne5 Nxe5 18. Bxe5 Qxb3 19. axb3 Nd5 20. c4 Nb4 21. Bd6 Rfd8 22. Bxb4 axb4 23. d5 Rab8 24. Rxb8 Rxb8 25. Ra1 f5 26. Kf1 Kf7 27. Ra7+ Kf6 28. c5 Ke5 29. d6 Kd5 30. Rxg7 Kxc5 31. d7 Rd8 32. Rxh7 Kd6 33. Ke2 Ke5 34. Ke3 f4+ 35. Ke2 Kd6 36. Rg7 Rxd7 37. Rxd7+ Kxd7 38. g3 Kd6 39. gxf4 Kd5 40. Ke3 Ke6 41. h4 Kf6 42. Kxe4 Kg6 43. f5+ Kh5 44. Ke5 Kh6 45. f6 Kh7 46. f7 Kg6 47. Ke6 Kh7 48. Ke7 Kg6 49. f8=Q Kh7 50. Qf5+ Kg8 51. h5 Kh8 52. Qf6+ Kh7 53. Qd4 Kg8 54. Qxb4 Kh7 55. Qe4+ Kh6 56. b4 Kxh5 57. b5 Kh6 58. b6 Kg7 59. b7 1-0


[Site "https://www.chess.com"]

[Event "Titled Tuesday Blitz March 22 Late 2022"]
[White "Degtiarev, Evgeny"]
[Black "Przybylski, Wojciech"]
[WhiteFideId "4149610"]
[BlackFideId "1117599"]
[WhiteElo "2218"]
[BlackElo "2133"]
[Result "0-1"]
[Round "04"]
[TimeControl "180+1"]
[Date "2022.03.22"]
[WhiteClock "0:00:05"]
[BlackClock "0:00:33"]

1. d4 Nf6 2. c4 e6 3. g3 d5 4. Nf3 Bb4+ 5. Bd2 Be7 6. Bg2 O-O 7. O-O c6 8. Qc2 Nbd7 9. a4 a5 10. Rc1 Ne4 11. Be3 f5 12. Nbd2 Bf6 13. Nxe4 fxe4 14. Nd2 Bg5 15. Nf1 Bf6 16. f4 Re8 17. g4 Nf8 18. g5 Be7 19. c5 Ng6 20. Ng3 Nh4 21. Rf1 g6 22. Bd2 Bf8 23. Ra3 Bg7 24. e3 b6 25. cxb6 Qxb6 26. Rb3 Qa6 27. Rc3 Bd7 28. Rc5 Qb6 29. Qc3 Bf8 30. Rxa5 Rxa5 31. Qxa5 Qxb2 32. Qc7 Qxd2 33. Rf2 Qe1+ 34. Nf1 Re7 35. a5 Nxg2 36. Kxg2 e5 37. Qb6 Bh3+ 38. Kg1 Bxf1 39. Rxf1 Qxe3+ 40. Kg2 Qe2+ 41. Rf2 Qg4+ 42. Kf1 e3 43. Rg2 Qd1# 0-1


[Site "https://www.chess.com"]

[Event "Titled Tuesday Blitz March 22 Late 2022"]
[White "Demchenko, Anton"]
[Black "Taboas Rodriguez, Daniel"]
[WhiteFideId "4160258"]
[BlackFideId "2208466"]
[WhiteElo "2539"]
[BlackElo "2429"]
[Result "0-1"]
[Round "04"]
[TimeControl "180+1"]
[Date "2022.03.22"]
[WhiteClock "0:00:01"]
[BlackClock "0:00:45"]

1. e4 e6 2. d4 d5 3. Nd2 Nc6 4. Ngf3 Nf6 5. e5 Ne4 6. Nb3 f6 7. Bb5 Bd7 8. Bxc6 Bxc6 9. O-O Qd7 10. Re1 Be7 11. c3 O-O 12. h3 Bb5 13. Nbd2 Bd3 14. Nf1 Bxf1 15. Rxf1 f5 16. Ne1 c5 17. Bf4 Rac8 18. f3 Ng5 19. Qd2 Nf7 20. Be3 Rc6 21. Nd3 b6 22. f4 Rfc8 23. Kh1 Nh6 24. Rg1 cxd4 25. Bxd4 Bc5 26. Nxc5 bxc5 27. Bf2 Qf7 28. Qe2 d4 29. Rac1 dxc3 30. Rxc3 c4 31. Rd1 Qb7 32. Rd6 Nf7 33. Rd4 Qb4 34. a3 Qb5 35. b4 a5 36. bxa5 Qxa5 37. Rcxc4 Qxa3 38. Rxc6 Rxc6 39. Qb5 Qc1+ 40. Kh2 h6 41. Bg3 g5 42. Qb7 Rc7 43. Qb8+ Rc8 44. Qa7 Qc7 45. Qa6 Qc6 46. Qd3 Kg7 47. Rd7 Rc7 48. Rd4 Rb7 49. Rc4 Qb5 50. Qc2 Rd7 51. Rc6 Qd5 52. Rc8 Ra7 53. Re8 Ra2 54. Qxa2 Qxa2 0-1


[Site "https://www.chess.com"]

[Event "Titled Tuesday Blitz March 22 Late 2022"]
[White "Dias, Joao Batista"]
[Black "Antonova, Nadezhda"]
[WhiteFideId "2108240"]
[BlackFideId "14700182"]
[WhiteElo "1898"]
[BlackElo "1751"]
[Result "1-0"]
[Round "04"]
[TimeControl "180+1"]
[Date "2022.03.22"]
[WhiteClock "0:01:55"]
[BlackClock "0:00:30"]

1. e4 c5 2. f4 d5 3. exd5 Nf6 4. Bb5+ Nbd7 5. c4 a6 6. Bxd7+ Bxd7 7. Nf3 e6 8. dxe6 Bxe6 9. O-O Be7 10. d3 O-O 11. Nc3 Qd7 12. Qc2 Rfd8 13. Ne5 Qd4+ 14. Kh1 Ng4 15. Nxg4 Bxg4 16. h3 Bd7 17. Nd5 Bf8 18. Be3 Rac8 19. Bxd4 cxd4 20. Nb6 Rc7 21. Nxd7 Rdxd7 22. Rae1 g6 23. f5 b5 24. b3 Bb4 25. Re4 Bc3 26. fxg6 hxg6 27. Qf2 Kg7 28. Rf4 bxc4 29. bxc4 Rb7 30. Qh4 Re7 31. Qf6+ Kg8 32. Rh4 1-0


[Site "https://www.chess.com"]

[Event "Titled Tuesday Blitz March 22 Late 2022"]
[White "Djokic, Mihailo"]
[Black "Schuster, Karsten"]
[WhiteFideId "976440"]
[BlackFideId "4611071"]
[WhiteElo "2093"]
[BlackElo "2367"]
[Result "1-0"]
[Round "04"]
[TimeControl "180+1"]
[Date "2022.03.22"]
[WhiteClock "0:01:58"]
[BlackClock "0:01:07"]

1. e4 c6 2. d4 d5 3. e5 Bf5 4. h4 h5 5. Bg5 Qb6 6. Bd3 Bxd3 7. Qxd3 e6 8. Nd2 Nh6 9. c4 Nf5 10. Ngf3 Nd7 11. b3 Bb4 12. O-O Be7 13. Bxe7 Kxe7 14. Rfc1 a6 15. Rc2 Qd8 16. Rac1 Kf8 17. cxd5 cxd5 18. Rc7 Rb8 19. Ng5 Nxh4 20. Qg3 Nf5 21. Qf4 h4 22. Ndf3 Kg8 23. g4 hxg3 24. fxg3 Rh6 25. g4 f6 26. Nxe6 Qe8 27. gxf5 Qh5 28. Rxd7 Qh1+ 29. Kf2 Qxc1 30. Rxg7+ 1-0


[Site "https://www.chess.com"]

[Event "Titled Tuesday Blitz March 22 Late 2022"]
[White "Dobrov, Vladimir"]
[Black "Martinez Reyes, Pedro Ramon"]
[WhiteFideId "4136594"]
[BlackFideId "3901807"]
[WhiteElo "2614"]
[BlackElo "2410"]
[Result "1-0"]
[Round "04"]
[TimeControl "180+1"]
[Date "2022.03.22"]
[WhiteClock "0:01:14"]
[BlackClock "0:00:18"]

1. d4 d5 2. c4 Nf6 3. Nc3 c6 4. Nf3 g6 5. cxd5 cxd5 6. Bf4 Nc6 7. e3 Bg4 8. Qb3 Na5 9. Qa4+ Bd7 10. Bb5 Nc6 11. Ne5 Rc8 12. Bxc6 bxc6 13. O-O Nh5 14. Rac1 Nxf4 15. exf4 Bh6 16. Nxd5 O-O 17. g3 Bh3 18. Nxc6 Rxc6 19. Qxc6 e6 20. Ne3 Bxf1 21. Kxf1 Qxd4 22. b3 Bg7 23. Kg2 Qb2 24. Rc2 Qa3 25. Qc5 Qa6 26. h4 Rd8 27. h5 gxh5 28. Qxh5 Qb7+ 29. Qf3 Qe4 30. Qxe4 1-0


[Site "https://www.chess.com"]

[Event "Titled Tuesday Blitz March 22 Late 2022"]
[White "Domingo Nunez, Alejandro"]
[Black "Kozak, Adam"]
[WhiteFideId "22245561"]
[BlackFideId "753246"]
[WhiteElo "2215"]
[BlackElo "2459"]
[Result "1-0"]
[Round "04"]
[TimeControl "180+1"]
[Date "2022.03.22"]
[WhiteClock "0:00:11"]
[BlackClock "0:00:02"]

1. Nf3 e6 2. e4 c5 3. g3 b6 4. Bg2 Bb7 5. Nc3 Nc6 6. O-O g6 7. d4 cxd4 8. Nxd4 a6 9. e5 Bg7 10. Nxc6 Bxc6 11. Bxc6 dxc6 12. Qf3 Bxe5 13. Qxc6+ Kf8 14. Rd1 Qc8 15. Qxb6 Kg7 16. Qe3 Qc7 17. Re1 Bxc3 18. bxc3 h6 19. Qf3 Re8 20. Rb1 Re7 21. c4 e5 22. c5 Nf6 23. Rb6 Nd7 24. Rb7 Qa5 25. Rd1 e4 26. Qe3 Rd8 27. Qxh6+ Kg8 28. Bg5 Nxc5 29. Rxd8+ Qxd8 30. Rb8 Qxb8 31. Bf6 Qb1+ 32. Kg2 1-0


[Site "https://www.chess.com"]

[Event "Titled Tuesday Blitz March 22 Late 2022"]
[White "Donchenko, Alexander"]
[Black "Jeet, Jain"]
[WhiteFideId "24603295"]
[BlackFideId "5073022"]
[WhiteElo "2539"]
[BlackElo "2085"]
[Result "1-0"]
[Round "04"]
[TimeControl "180+1"]
[Date "2022.03.22"]
[WhiteClock "0:02:07"]
[BlackClock "0:00:20"]

1. d4 Nf6 2. c4 c5 3. d5 b5 4. cxb5 a6 5. bxa6 g6 6. Nc3 d6 7. e4 Bg7 8. Nf3 O-O 9. a7 Rxa7 10. Be2 Ba6 11. O-O Nbd7 12. a4 Qa8 13. Nb5 Bxb5 14. Bxb5 Nxe4 15. Re1 f5 16. Ng5 Nxg5 17. Bxg5 Bxb2 18. Bxe7 Bxa1 19. Bxf8 Nxf8 20. Qxa1 Qxd5 21. Re8 Ra8 22. Bc4 Qxc4 23. Rxa8 Kf7 24. a5 Ne6 25. a6 Nf4 26. a7 Ne2+ 27. Kh1 Nc1 28. Rf8+ Kxf8 29. Qf6+ Ke8 30. a8=Q+ Kd7 31. Qb7+ 1-0


[Site "https://www.chess.com"]

[Event "Titled Tuesday Blitz March 22 Late 2022"]
[White "Estrada Nieto, Julian"]
[Black "Oganian, Miran"]
[WhiteFideId "5101018"]
[BlackFideId "4122488"]
[WhiteElo "2246"]
[BlackElo "2357"]
[Result "0-1"]
[Round "04"]
[TimeControl "180+1"]
[Date "2022.03.22"]
[WhiteClock "0:00:03"]
[BlackClock "0:01:06"]

1. e4 e6 2. d4 d5 3. Nd2 Nc6 4. Ngf3 Nf6 5. e5 Nd7 6. Be2 Be7 7. Nf1 O-O 8. Ng3 f6 9. exf6 Bxf6 10. O-O e5 11. dxe5 Ndxe5 12. c3 Kh8 13. Be3 Be6 14. Nxe5 Nxe5 15. Bd4 b6 16. f4 Nd7 17. f5 Bg8 18. Nh5 c5 19. Nxf6 Nxf6 20. Be5 Qe7 21. Bf4 Ne4 22. g4 Ng5 23. Qd3 Rae8 24. Rae1 c4 25. Qg3 Ne4 26. Qg2 Qc5+ 27. Kh1 d4 28. cxd4 Qxd4 29. Bf3 Nf2+ 30. Qxf2 Qxf2 31. Rxf2 Rxe1+ 32. Kg2 Rd8 33. Bd2 Ree8 34. Bc3 Bd5 35. Bxd5 Rxd5 36. f6 gxf6 37. Rxf6 Kg8 38. Rc6 b5 39. Rc7 a5 40. Bxa5 Re2+ 41. Kf3 Rxb2 42. Ke4 Rd1 43. Bc3 Rc2 44. Bf6 Re2+ 45. Kf3 Rxh2 46. Rg7+ Kf8 47. Rb7 c3 48. Rxb5 c2 49. Rc5 c1=Q 50. Rxc1 Rxc1 0-1


[Site "https://www.chess.com"]